Map: [ESL] Glittering Ashes

Players

Bunny - Winner!

  • Race: Terran Terran

HeroMarine

  • Race: Terran Terran

Event: IEM Katowice 2022

VOD

Have the link to the VOD?

Description

Time

  • Played on: Feb. 25, 2022, 10:22 a.m.
  • Length: 14:10

All games in this series

Show
View Real Time Build Order
Export as new Build Order

Bunny Terran - Winner!

Build Orders: Gas First Reaper Expand, Hellion Opening 

Get SALT Encoding   

  12  0:00  SCV  
  13  0:12  SCV  
  14  0:17  Supply Depot  
  14  0:24  SCV  
  14  0:27  Refinery  
  15  0:38  SCV  
  16  0:43  Barracks  
  16  0:50  SCV  
  17  1:02  SCV  
  18  1:14  SCV  
  19  1:30  Reaper, Orbital Command  
  20  1:41  Command Center  
  20  1:51  Factory  
  20  1:55  SCV  
  21  2:01  Supply Depot  
  21  2:04  Barracks Reactor  
  21  2:07  SCV  
  22  2:15  Refinery  
  22  2:19  SCV  
  23  2:31  SCV  
  24  2:42  Starport  
  24  2:44  SCV, Hellion x2  
  29  2:48  Barracks Tech Lab  
  29  2:52  Orbital Command  
  29  2:56  SCV  
  30  3:05  Hellion x2  
  34  3:08  SCV  
  35  3:18  SCV  
  36  3:20  SCV  
  36  3:24  Raven  
  39  3:28  Supply Depot, Hellion  
  39  3:30  Hellion  
  39  3:32  SCV  
  44  3:34  SCV  
  44  3:40  Refinery  
  45  3:41  Barracks Tech Lab  
  45  3:44  SCV  
  46  3:50  Supply Depot, SCV  
  47  3:57  SCV  
  47  4:02  SCV  
  49  4:06  Cyclone  
  49  4:09  SCV  
  53  4:10  Marine  
  53  4:11  Marine  
  53  4:14  Supply Depot, SCV  
  56  4:17  Raven  
  56  4:21  Supply Depot, SCV  
  59  4:26  SCV  
  59  4:28  Marine  
  59  4:29  Marine  
  62  4:35  SCV  
  62  4:37  Supply Depot  
  62  4:38  SCV, Siege Tank  
  67  4:46  Marine  
  67  4:47  Marine  
  67  4:49  Command Center  
  67  4:52  SCV x2  
  71  4:56  Refinery  
  71  5:01  Supply Depot  
  71  5:10  SCV x2, Siege Tank  
  71  5:13  Viking x2  
  80  5:17  Marine  
  80  5:18  Stimpack  
  81  5:23  SCV x2  
  81  5:25  Supply Depot  
  83  5:34  Marine  
  83  5:35  SCV x2  
  86  5:42  Siege Tank  
  89  5:43  Viking  
  89  5:45  Viking  
  89  5:47  SCV x2  
  95  5:52  Marine  
  96  6:00  Barracks x2, SCV x2  
  98  6:10  Marine  
  99  6:12  SCV x2  
  99  6:14  Viking, Siege Tank  
  99  6:16  Viking  
  108  6:24  SCV x2  
  110  6:29  Engineering Bay x2  
  110  6:38  SCV x2, Orbital Command  
  112  6:46  Siege Tank  
  115  6:47  Viking  
  115  6:52  Barracks Reactor  
  117  6:57  Barracks Reactor  
  117  6:58  Terran Infantry Weapons Level 1  
  117  6:59  Supply Depot  
  117  7:10  Terran Infantry Armor Level 1  
  117  7:12  Supply Depot  
  117  7:14  Barracks  
  117  7:16  Viking  
  117  7:17  SCV, Viking  
  117  7:19  SCV  
  117  7:21  Marauder  
  112  7:24  Siege Tank  
  100  7:31  Marine x2  
  100  7:32  SCV x3  
  100  7:35  Marine x2  
  105  7:39  Barracks  
  105  7:42  Marauder  
  95  7:48  SCV  
  95  7:49  SCV x2  
  88  7:56  Marine x4, Siege Tank  
  88  7:57  Combat Shield  
  95  8:02  Refinery x2  
  95  8:03  Medivac  
  95  8:04  Marauder  
  99  8:06  Barracks Tech Lab  
  99  8:09  Medivac, Command Center  
  101  8:14  SCV x3  
  101  8:17  Marine x2  
  101  8:18  Marine x2  
  101  8:19  Armory  
  108  8:26  SCV x3  
  111  8:32  Barracks Tech Lab, Marauder x2, Concussive Shells  
  115  8:35  Marine x2  
  115  8:36  Marine x2, Siege Tank  
  115  8:41  SCV x3  
  124  8:45  Supply Depot  
  124  8:46  Supply Depot  
  125  8:50  Medivac  
  125  8:53  Marauder x2, Medivac  
  133  8:58  Supply Depot  
  133  9:01  Supply Depot  
  133  9:07  Marine x4, Marauder  
  139  9:11  Siege Tank  
  139  9:14  Marauder x2  
  138  9:24  Marine x3  
  138  9:25  Planetary Fortress, Viking  
  138  9:29  Marauder  
  142  9:32  Viking  
  133  9:41  Marauder x2  
  133  9:43  Marine x2  
  137  9:46  Orbital Command  
  137  9:50  Marauder  
  122  10:01  Marine  
  122  10:05  Refinery x2  
  125  10:07  Marauder  
  125  10:11  Marauder  
  121  10:19  Marine  
  121  10:20  Marine  
  123  10:28  Marine  
  122  10:31  Factory Tech Lab  
  122  10:32  Orbital Command, Marine  
  122  10:42  Supply Depot  
  121  10:51  Command Center  
  121  10:53  Supply Depot  
  121  10:54  Supply Depot  
  118  11:03  Marine, Siege Tank  
  105  11:08  Marauder  
  83  11:20  Marine  
  78  11:27  Barracks  
  78  11:28  Starport  
  78  11:30  Starport  
  75  11:35  Siege Tank  
  75  11:37  SCV  
  80  11:40  SCV  
  80  11:41  SCV  
  81  11:51  SCV, Marauder  
  81  11:52  SCV  
  85  12:01  Marauder, Marine  
  87  12:06  Viking  
  90  12:13  Viking  
  90  12:14  Orbital Command  
  91  12:33  Orbital Command  
  91  12:35  Refinery  
  91  12:36  Viking  
  93  12:42  Starport  
  93  12:43  Viking  
  95  12:51  Marauder x2  
  99  12:54  Marine  
  100  13:01  SCV  
  100  13:06  Viking  
  102  13:13  SCV, Viking  
  102  13:19  Viking  
  106  13:25  SCV  
  106  13:42  Marauder  
  106  13:45  Supply Depot  
  107  13:58  Supply Depot  
Show
View Real Time Build Order
Export as new Build Order

HeroMarine Terran 

Build Orders: Mech 

Get SALT Encoding   

  12  0:00  SCV  
  13  0:12  SCV  
  14  0:16  Supply Depot  
  14  0:24  SCV  
  15  0:38  SCV  
  15  0:39  Barracks  
  16  0:43  Refinery  
  16  0:50  SCV  
  16  0:53  Refinery  
  17  1:02  SCV  
  18  1:14  SCV  
  19  1:26  Reaper, Orbital Command  
  19  1:30  Supply Depot  
  20  1:40  Factory  
  20  1:52  SCV  
  21  1:58  Reaper  
  22  2:04  SCV  
  23  2:16  SCV  
  23  2:19  Command Center  
  24  2:25  Hellion  
  24  2:28  SCV  
  27  2:30  Reaper  
  27  2:35  Supply Depot  
  28  2:40  SCV  
  29  2:46  Hellion  
  31  2:54  Starport  
  31  2:56  SCV  
  32  3:03  Barracks Tech Lab  
  32  3:08  SCV, Factory Tech Lab  
  33  3:16  Refinery  
  33  3:20  SCV  
  33  3:26  Cyclone  
  37  3:31  Orbital Command  
  37  3:32  SCV  
  38  3:37  Raven  
  40  3:45  SCV  
  41  3:56  SCV  
  41  3:57  SCV  
  41  3:58  Cyclone  
  46  4:08  SCV  
  46  4:09  SCV  
  48  4:11  Marine  
  49  4:20  SCV, Raven  
  49  4:22  Command Center  
  53  4:29  Supply Depot x2  
  53  4:34  SCV x2  
  53  4:38  Refinery  
  54  4:47  Barracks Reactor  
  54  4:50  SCV x2, Siege Tank  
  59  5:02  SCV x2  
  59  5:03  Raven  
  63  5:07  Supply Depot  
  63  5:14  SCV x2  
  65  5:22  Siege Tank  
  65  5:23  Supply Depot  
  65  5:26  SCV x2  
  70  5:31  Supply Depot  
  70  5:34  Orbital Command  
  70  5:38  SCV x2  
  72  5:43  Barracks Reactor  
  72  5:44  Factory  
  72  5:48  Factory  
  72  5:51  SCV x2  
  72  5:54  Siege Tank  
  77  5:58  Viking  
  77  6:00  Viking  
  77  6:02  Orbital Command  
  77  6:03  SCV x2  
  83  6:10  Refinery  
  83  6:14  Refinery  
  83  6:15  SCV x2  
  83  6:17  Supply Depot  
  85  6:26  Siege Tank  
  85  6:27  SCV x2  
  85  6:28  Viking  
  85  6:29  SCV  
  85  6:30  Viking  
  95  6:34  Hellion x2  
  95  6:38  Siege Tank  
  95  6:39  SCV x2  
  104  6:41  SCV  
  105  6:51  SCV  
  108  6:55  Hellion  
  108  6:56  Hellion  
  108  6:59  Siege Tank  
  108  7:01  Supply Depot x2  
  115  7:02  Viking  
  115  7:03  Viking  
  117  7:14  Siege Tank  
  115  7:17  SCV x3  
  103  7:29  SCV x3  
  88  7:30  Hellion  
  88  7:31  Hellion, Siege Tank  
  86  7:41  SCV x3  
  74  7:47  Siege Tank  
  66  7:53  SCV x2  
  69  8:01  Viking x2  
  69  8:05  Siege Tank  
  73  8:09  Hellion  
  73  8:12  Hellion  
  77  8:19  Siege Tank  
  80  8:31  Viking x2  
  80  8:33  Hellion x2  
  88  8:37  Siege Tank  
  93  8:51  Siege Tank  
  93  8:54  Hellion  
  93  8:55  Hellion  
  101  9:01  Viking x2  
  102  9:09  Siege Tank  
  105  9:16  Hellion x2  
  105  9:21  SCV x2  
  49  11:04  Orbital Command  
  34  11:35  SCV  
  35  11:46  Factory Tech Lab x2  
  35  12:05  Siege Tank x2  
  35  12:06  SCV  
  42  12:19  SCV  
  43  12:35  SCV  
  44  12:37  Siege Tank  
  47  12:47  SCV  
  48  12:53  Refinery x2  
  48  12:58  Siege Tank  
  49  12:59  SCV  
  50  13:11  SCV  
  51  13:23  SCV  
  52  13:30  Hellion  

Tags
 
Add a new tag
Caveats
  • Supply blocks, unpowered buildings, or Contaminate may cause inaccurate times.
  • Supply counts are checked every 10 seconds.